 Dungeon Crawl Stone Soup version 0.13.0-26-gf7ffa3a (webtiles) character file.

220 Kae the Cudgeler (level 4, 0/39 HPs)
             Began as a Minotaur Berserker on Oct 30, 2013.
             Was a Believer of Trog.
             Slain by an ice beast (10 damage)
             ... on Level 3 of the Dungeon.
             The game lasted 00:01:40 (1966 turns).

Kae the Cudgeler (Minotaur Berserker)               Turns: 1966, Time: 00:01:41

HP   0/39        AC  5     Str 22      XL: 4   Next: 32%
MP   1/1         EV 12     Int  5      God: Trog [**....]
Gold 130         SH  0     Dex  9      Spells:  0 memorised,  3 levels left

Res.Fire  : . . .   See Invis. : .   a - +0 mace
Res.Cold  : . . .   Warding    : .   b - +0 animal skin
Life Prot.: . . .   Conserve   : .   (no shield)
Res.Poison: .       Res.Corr.  : .   (helmet restricted)
Res.Elec. : .       Clarity    : .   (no cloak)
Sust.Abil.: . .     Spirit.Shd : .   e - +2 pair of gauntlets
Res.Mut.  : .       Stasis     : .   (no boots)
Res.Rott. : .       Flight     : .   (no amulet)
Saprovore : . . .                    (no ring)
                                     (no ring)

@: slightly resistant to hostile enchantments, very unstealthy
A: retaliatory headbutt, horns 2
a: Burn Spellbooks, Berserk, Trog's Hand, Renounce Religion


You were on level 3 of the Dungeon.
You worshipped Trog.
Trog was pleased with you.
You were very hungry.

You visited 1 branch of the dungeon, and saw 3 of its levels.

You collected 110 gold pieces.

Inventory:

Hand weapons
 a - a +0,+0 mace (weapon)
Armour
 b - a +0 animal skin (worn)
 e - a +2 pair of gauntlets (worn)
Comestibles
 c - 6 bread rations
 m - 2 apples
Scrolls
 d - 3 scrolls of curse jewellery {unknown}
 f - a scroll of fear {unknown}
 h - 3 scrolls of teleportation {unknown}
 j - 3 scrolls of magic mapping {unknown}
 n - a scroll of noise {unknown}
 q - 2 scrolls of curse weapon {unknown}
 s - a scroll of recharging {unknown}
 t - a scroll of remove curse {unknown}
Jewellery
 i - an uncursed amulet of clarity {unknown}
 l - an uncursed ring of sustenance {unknown}
Potions
 g - a potion of curing
 k - a potion of paralysis {unknown}
 o - a potion of heal wounds {unknown}
 p - a potion of agility {unknown}
 r - a potion of degeneration {unknown}
 u - a potion of resistance {unknown}


   Skills:
 - Level 3.6 Fighting
 + Level 6.2 Maces & Flails
 - Level 2.4 Armour
 - Level 2.1 Dodging


You had 3 spell levels left.
You didn't know any spells.

Dungeon Overview and Level Annotations

Branches:
Dungeon (3/27)

Altars:


Innate Abilities, Weirdness & Mutations

You reflexively headbutt those who attack you in melee.
You have a pair of horns on your head.


Message History

The ice beast is heavily wounded.
The ice beast hits you but does no damage.
You hit the ice beast.
The ice beast is heavily wounded.
The ice beast barely misses you.
You hit the ice beast. Your headbutt misses the ice beast.
The ice beast is severely wounded.
The ice beast hits you but does no damage.
You closely miss the ice beast.
The ice beast is severely wounded.
The ice beast hits you.
* * * LOW HITPOINT WARNING * * *
The ice beast freezes you!
* * * LOW HITPOINT WARNING * * *
The ice beast hits you but does no damage.
Drink which item? (? for menu, Esc to quit)
You feel better.
It was a potion of curing.
The ice beast hits you.
* * * LOW HITPOINT WARNING * * *
The ice beast freezes you!
You die...

### .%. #.# #.#
####### #.# #.#
......# #.# #.#
#####.#####.# #.#
.........[..# #I#
#.#.#..###..####@#
#.#.#..# #..#....#
#.#.#..###..#.####
#.#.#.......#.#
#.#.##.###....#
#....#.# #.####
###..#.###.#
......>....#
###........#


You could see an ice beast.

Vanquished Creatures
  2 adders (D:2)
  A worm (D:2)
  2 giant geckos
  An ooze (D:3)
  5 orcs (D:3)
  A giant cockroach (D:3)
  9 goblins
  11 hobgoblins
  2 jackals (D:1)
  2 quokkas
  4 bats
  4 giant newts
  5 kobolds
  8 rats
57 creatures vanquished.

Notes
Turn   | Place    | Note
--------------------------------------------------------------
     0 | D:1      | Kae, the Minotaur Berserker, began the quest for the Orb.
     0 | D:1      | Reached XP level 1. HP: 19/19 MP: 0/0
    86 | D:1      | Reached skill level 4 in Maces & Flails
   169 | D:1      | Reached XP level 2. HP: 23/26 MP: 0/0
   749 | D:2      | Acquired Trog's second power
   787 | D:2      | Reached skill level 5 in Maces & Flails
   858 | D:2      | Reached XP level 3. HP: 33/33 MP: 1/1
  1465 | D:3      | Reached XP level 4. HP: 28/39 MP: 1/1
  1489 | D:3      | Reached skill level 6 in Maces & Flails
  1955 | D:3      | Noticed an ice beast
  1966 | D:3      | Slain by an ice beast

Action                   |  1- 3 |  4- 6 || total
-------------------------+-------+-------++-------
Melee: Mace              |    84 |    45 ||   129
  Use: Potion            |       |     1 ||     1
